 Dungeon Crawl Stone Soup version 0.31.0-11-ge490571c62 (webtiles) character file.

Game seed: 558425164520702250

890 browni3141 the Chopper (level 7, -3/62 HPs)
             Began as a Minotaur Fighter on Jan 27, 2024.
             Slain by a kobold brigand
             ... wielding a +0 dagger
              (8 damage)
             ... on level 5 of the Dungeon.
             The game lasted 00:01:06 (1887 turns).

browni3141 the Chopper (Minotaur Fighter)           Turns: 1887, Time: 00:01:06

Health: -3/62      AC:  7    Str: 22    XL:     7   Next: 77%
Magic:  6/6        EV:  9    Int:  4    God:
Gold:   117        SH:  5    Dex: 13    Spells: 6/6 levels left

rFire   . . .        a - +0 war axe
rCold   . . .        c - +0 buckler
rNeg    . . .        b - +0 scale mail
rPois   .            (helmet unavailable)
rElec   .            (no cloak)
rCorr   .            (no gloves)
SInv    .            (no boots)
Will    .....        (no amulet) Stlth
                     (no ring)
HPRegen 0.30/turn    (no ring)
MPRegen 0.10/turn

%: no passive effects
@: lethally poisoned (-3 -> -8), slowed, very slow
A: horns 3, retaliatory headbutt, agile 1, wild magic 1, evolution 1
a: no special abilities


You were on level 5 of the Dungeon.
You visited 2 branches of the dungeon, and saw 5 of its levels.

You collected 117 gold pieces.

Inventory:

Hand Weapons
 a - a +0 war axe (weapon)
Armour
 b - a +0 scale mail (worn)
 c - a +0 buckler (worn)
Wands
 k - a wand of mindburst (13)
Scrolls
 f - a scroll of enchant weapon {unknown}
 h - 2 scrolls of teleportation {unknown}
 j - a scroll of brand weapon {unknown}
Potions
 d - a potion of might
 e - a potion of mutation
 g - a potion of magic
 i - a potion of curing {unknown}


   Skills:
 + Level 5.9 Fighting
 * Level 7.1 Axes
 + Level 5.9 Armour
 + Level 5.9 Shields


You had 6 spell levels left.
You didn't know any spells.
Your spell library contained the following spells:

 Spells                   Type           Power      Damage    Failure   Level
 Jinxbite                 Hex            0%         N/A       96%         2
 Hailstorm                Conj/Ice       0%         3d5       99%         3
 Summon Ice Beast         Ice/Summ       0%         N/A       99%         3
 Yara's Violent Unravell  Hex/Alch       0%         3d3       100%        5
 Sculpt Simulacrum        Ice/Alch       0%         N/A       100%        6
 Enfeeble                 Hex            0%         N/A       100%        7


Dungeon Overview and Level Annotations

Branches:
Dungeon (5/15)             Temple (1/1) D:4

Altars:
Ashenzari
Cheibriados
Elyvilon
Fedhas
Hepliaklqana
Kikubaaqudgha
Makhleb
Nemelex Xobeh
Ru
Trog
Uskayaw
Vehumet
Wu Jian
Yredelemnul
The Shining One

Shops:
D:4 [


Innate Abilities, Weirdness & Mutations

You have a pair of large horns on your head.
You reflexively headbutt those who attack you in melee.
You are agile. (Dex +4, Str/Int -1)
Your spells are a little harder to cast, but a little more powerful.
You have hidden genetic potential.


Message History

The orc hits you but does no damage.
You barely miss the orc. You headbutt the orc!
You kill the orc!
No target in view!
You now have 117 gold pieces (gained 9).
Items here: ( ) [ †.
No target in view!
No target in view!
Found a stone staircase leading down.
There is a stone staircase leading down here.
You enter the shallow water.
Moving in this stuff is going to be slow.
You enter the shallow water.
Moving in this stuff is going to be slow.
A sleepcap comes into view.
A sleepcap is nearby!
A sleepcap is nearby!
The sleepcap releases spores at you.
You slash the sleepcap!
You headbutt the sleepcap, but do no damage.
The sleepcap is moderately damaged.
The sleepcap releases spores at you but does no damage.
You hit the sleepcap but do no damage.
You headbutt the sleepcap, but do no damage.
The sleepcap is moderately damaged.
The sleepcap releases spores at you.
You are engulfed in a cloud of soporific spores!
You fall asleep.
The sleepcap releases spores at you but does no damage.
The sleepcap releases spores at you!
You wake up.
You hit the sleepcap.
The sleepcap is heavily damaged.
You block the sleepcap's attack.
You hit the sleepcap.
You headbutt the sleepcap, but do no damage.
The sleepcap is severely damaged.
The sleepcap releases spores at you!
You slash the sleepcap!
You destroy the sleepcap!
No target in view!
No target in view!
Items here: ( ) [ ÷.
You see here a +0 helmet.
Found a stone staircase leading down.
You see here a hound skeleton.
You see here an adder skeleton.
There is an open door here.
You open the door. 5 kobold brigands come into view.
A kobold brigand is wielding a +0 short sword and quivering poisoned darts.
A kobold brigand is wielding a +0 dagger and quivering poisoned darts.
A kobold brigand is wielding a +0 whip and quivering poisoned darts.
A kobold brigand is wielding a +0 dagger and quivering poisoned darts.
A kobold brigand is wielding a +0 short sword and quivering curare-tipped darts.
The kobold brigand shouts! x5
The kobold brigand throws a curare-tipped dart.
The curare-tipped dart hits you.
You are poisoned.
You have difficulty breathing.
You feel yourself slow down.
The kobold brigand throws a poisoned dart.
The poisoned dart hits you!
You are more poisoned.
There are monsters nearby!
There are monsters nearby!
You feel extremely sick.
The kobold brigand throws a curare-tipped dart.
The curare-tipped dart hits you.
You are more poisoned.
You have difficulty breathing.
You feel as though you will be slow longer.
There is an open door here.
You slash the kobold brigand!
The kobold brigand is heavily wounded.
You feel extremely sick.
The kobold brigand hits you but does no damage.
You block the kobold brigand's attack.
The kobold brigand hits you with a +0 dagger.
The kobold brigand barely misses you.
You closely miss the kobold brigand. You headbutt the kobold brigand.
The kobold brigand is heavily wounded.
You barely miss the kobold brigand. You closely miss the kobold brigand.
You feel extremely sick.
The kobold brigand hits you but does no damage.
You block the kobold brigand's attack.
The kobold brigand hits you with a +0 short sword.
The kobold brigand completely misses you.
The kobold brigand hits you but does no damage.
Unknown command.
It was a potion of mutation.
You feel extremely strange.
You feel agile. The horns on your head grow some more.
You feel a hidden potential growing inside you.
You feel less in control of your magic.
You feel very sick. The kobold brigand closely misses you.
You furiously retaliate!
You headbutt the kobold brigand!
The kobold brigand hits you with a +0 whip.
You block the kobold brigand's attack.
It was a potion of magic.
Magic courses through your body.
You feel very sick.
The kobold brigand hits you but does no damage.
You block the kobold brigand's attack.
The kobold brigand hits you but does no damage. x2
The kobold brigand hits you with a +0 dagger!
You die...

######## ##########......#
##.......#..##'#.#
##..#####...###.#.##
#######..##.÷.##### #.#..####
........##...÷÷# ##.##....#
.########.....÷K####...####.#
.# .)...KK@.........'.# ##
...?.KK####...######
#..÷÷÷### ##.## ##...##.# #.#
# #### #.####.# # #...##'# #
#.#.÷..# # #.###### ##### #.#


You could see 5 kobold brigands.

Vanquished Creatures
  A water moccasin (D:5)
  An ogre (D:5)
  A phantom (D:4)
  A bullfrog (D:5)
  4 scorpions
  A bombardier beetle (D:5)
  4 hounds
  4 iguanas
  A sleepcap (D:5)
  3 adders (D:5)
  A ribbon worm (D:2)
  4 orcs
  2 giant cockroaches (D:4)
  4 hobgoblins
  A kobold (D:4)
  2 ball pythons (D:4)
  A bat (D:2)
36 creatures vanquished.

Notes
Turn   | Place    | Note
-------+----------+-------------------------------------------
     0 | D:1      | browni3141 the Minotaur Fighter began the quest for the
                  | Orb.
     0 | D:1      | Reached XP level 1. HP: 19/19 MP: 0/0
   124 | D:2      | You fall into a shaft and drop 2 floors!
   128 | D:4      | Noticed a scorpion
   133 | D:4      | Killed a scorpion
   134 | D:4      | Reached skill level 3 in Axes
   134 | D:4      | Reached XP level 2. HP: 27/27 MP: 1/1
   134 | D:4      | Reached XP level 3. HP: 33/33 MP: 2/2
   175 | D:4      | Noticed a phantom
   188 | D:4      | Killed a phantom
   189 | D:4      | Reached skill level 4 in Axes
   189 | D:4      | Reached XP level 4. HP: 34/41 MP: 3/3
   341 | D:4      | Reached XP level 5. HP: 40/47 MP: 4/4
   390 | D:4      | Found a staircase to the Ecumenical Temple.
   404 | Temple   | Entered the Ecumenical Temple
   623 | D:4      | Reached skill level 5 in Axes
   747 | D:4      | Found Reipt's Antique Armour Emporium.
   872 | D:4      | Reached XP level 6. HP: 35/55 MP: 5/5
  1061 | D:5      | Entered Level 5 of the Dungeon
  1069 | D:5      | Found a sacrificial altar of Ru.
  1078 | D:5      | Noticed a water moccasin
  1083 | D:5      | Killed a water moccasin
  1084 | D:5      | Reached skill level 5 in Fighting
  1084 | D:5      | Reached skill level 5 in Armour
  1084 | D:5      | Reached skill level 5 in Shields
  1095 | D:5      | Found a broken altar of Ashenzari.
  1183 | D:5      | Reached skill level 6 in Axes
  1213 | D:5      | Reached XP level 7. HP: 49/61 MP: 6/6
  1572 | D:5      | Reached skill level 7 in Axes
  1882 | D:5      | Found the +7 Throatcutter {drain, coup de grace}
  1886 | D:5      | Gained mutation: You are agile. (Dex +4, Str/Int -1)
                  | [potion of mutation]
  1886 | D:5      | Gained mutation: You have a pair of large horns on your
                  | head. [potion of mutation]
  1886 | D:5      | Gained mutation: You have hidden genetic potential. [potion
                  | of mutation]
  1886 | D:5      | Gained mutation: Your spells are a little harder to cast,
                  | but a little more powerful. [potion of mutation]
  1887 | D:5      | Slain by a kobold brigand

Illustrated notes

Levels and vault maps discovered:
D:1:      dpeg_arrival_arbitrary_c, layout_loops_ring,
          shapermc_ecumenical_altar_hornbeckon
D:2:      wander_river, layout_rooms, uniq_sigmund
D:4:      layout_basic, minmay_temple_entry_crystal_x, serial_shops,
          nicolae_shop_tiny_real_fake_doors, grunt_decor_fettered
D:5:      layout_loops_ring, mainiacjoe_overflow_big_doors,
          serial_bayou_lagoon_a, dilly_guarded_unrand_throatcut
Temple:   compressed_dpeg_triangle_lava_temple

Skill      XL: |  1  2  3  4  5  6  7 |
---------------+----------------------+-----
Fighting       | 4 5 |  5.9
Axes           | 3 4 5 6 7 |  7.1
Armour         | 4 5 |  5.9
Shields        | 4 5 |  5.9

Action                     |  1- 3 |  4- 6 |  7- 9 || total
---------------------------+-------+-------+-------++-------
  Melee: War axe           |    26 |    52 |    42 ||   120
         Headbutt          |     5 |    11 |     8 ||    24
    Use: Potion            |       |       |     2 ||     2
 Armour: Scale mail        |    15 |    43 |    41 ||    99
  Dodge: Dodged            |    10 |    37 |    15 ||    62
  Block: Buckler           |     5 |    10 |    14 ||    29
